 Dungeon Crawl Stone Soup version 0.29.0-4-gdea44cf6ec (webtiles) character file.

Game seed: 7153669978575239962

1605 Flugkiller the Cleaver (level 8, -4/71 (73) HPs)
             Began as a Minotaur Fighter on Aug 26, 2022.
             Was a Believer of Cheibriados.
             Slain by a wight
             ... wielding a +3 battleaxe of freezing
              (12 damage)
             ... on level 6 of the Dungeon.
             The game lasted 00:03:44 (5469 turns).

Flugkiller the Cleaver (Minotaur Fighter)           Turns: 5469, Time: 00:03:44

HP:   -4/71 (73)    AC:  9    Str: 25    XL:     8   Next: 63%
MP:   9/9           EV:  9    Int: 10    God:    Cheibriados [**....]
Gold: 287           SH:  5    Dex: 18    Spells: 7/7 levels left

rFire   . . .      SeeInvis .   a - +0 war axe
rCold   . . .      Faith    .   c - +0 buckler
rNeg    . . .      Spirit   .   b - +0 scale mail
rPois   +          Reflect  .   (helmet restricted)
rElec   .          Harm     .   (no cloak)
rCorr   .          Rampage  .   (no gloves)
Will    .....                   i - +0 pair of boots
Stlth   ..........              (no amulet)
HPRegen 0.21/turn               o - ring of poison resistance
MPRegen 0.11/turn               (no ring)

@: lightly drained, very slow
A: horns 2, retaliatory headbutt
a: Renounce Religion, Bend Time


You were on level 6 of the Dungeon.
You worshipped Cheibriados.
Cheibriados was pleased with you.
You visited 1 branch of the dungeon, and saw 6 of its levels.
You also visited: Sewer.

You collected 287 gold pieces.

Inventory:

Hand Weapons
 a - a +0 war axe (weapon)
Armour
 b - a +0 scale mail (worn)
 c - a +0 buckler (worn)
 i - a +0 pair of boots (worn)
   (You found it on level 1 of the Dungeon)
 y - a +0 hat
   (You found it on level 4 of the Dungeon)
Jewellery
 o - a ring of poison resistance (left hand)
   (You found it on level 1 of the Dungeon)
Scrolls
 h - a scroll of silence
 j - a scroll of immolation
 l - 2 scrolls of magic mapping
 m - 2 scrolls of vulnerability
 n - 5 scrolls of fear
 t - a scroll of teleportation
 z - 3 scrolls of blinking
 C - a scroll of enchant weapon
Potions
 g - 2 potions of magic {unknown}
 k - 2 potions of degeneration {unknown}
 p - a potion of invisibility {unknown}
 q - a potion of curing
 u - a potion of haste {unknown}
 v - a potion of cancellation {unknown}
 x - 2 potions of flight {unknown}
 A - a potion of mutation {unknown}
 B - a potion of lignification {unknown}


   Skills:
 + Level 7.1 Fighting
 * Level 9.1 Axes
 + Level 7.2 Armour
 - Level 3.6 Shields
 + Level 3.2 Invocations


You had 7 spell levels left.
You didn't know any spells.
Your spell library was empty.

Dungeon Overview and Level Annotations

Branches:
Dungeon (6/15)             Temple (0/1) D:4           Sewer (visited)

Altars:
Cheibriados
Dithmenos
Makhleb
Sif Muna

Shops:
D:1 [

Annotations:
D:4 exclusion: door


Innate Abilities, Weirdness & Mutations

You have a pair of horns on your head.
You reflexively headbutt those who attack you in melee.


Message History

You slash the orc!
You kill the orc!
Cheibriados appreciates the change of pace.
You closely miss the orc. You closely miss the wight. You slash the jelly!
Your hands burn!
The wight hits you with a +0 battleaxe. The jelly hits you but does no damage.
You block the orc's attack.
You slash the jelly!
Your hands burn!
You headbutt the jelly.
You kill the jelly!
Cheibriados appreciates the change of pace.
Cheibriados raises the support of your attributes as your movement slows.
You hit the orc. You hit the wight but do no damage.
The wight hits you with a +0 battleaxe!
You feel drained. The orc hits you but does no damage.
Your Fighting skill increases to level 7!
Your Armour skill increases to level 7!
You are too injured to fight recklessly!
You are too injured to fight recklessly!
You are too injured to fight recklessly!
You barely miss the wight. Your headbutt misses the wight.
You barely miss the necrophage. You hit the orc.
You kill the orc!
Cheibriados appreciates the change of pace.
The wight barely misses you. You block the necrophage's attack.
You closely miss the wight. You hit the necrophage.
The wight hits you but does no damage.
The necrophage hits you but does no damage.
You hit the wight. You headbutt the wight!
The wight is almost destroyed.
You hit the necrophage. You block the necrophage's attack.
You block the wight's attack.
A wight comes into view.
It is wielding a +3 battleaxe of freezing.
You hit the wight.
The wight is almost destroyed.
You hit the necrophage. The necrophage closely misses you.
You furiously retaliate!
You headbutt the necrophage!
You destroy the necrophage!
Cheibriados thoroughly appreciates the change of pace.
The wight hits you with a +0 battleaxe!
* * * LOW HITPOINT WARNING * * *
You feel drained.
* * * LOW HITPOINT WARNING * * *
Your Invocations skill increases to level 3!
You closely miss the wight. x2; The wight hits you with a +0 battleaxe!
* * * LOW HITPOINT WARNING * * *
The wight hits you but does no damage.
You slash the wight!
You destroy the wight!
Cheibriados thoroughly appreciates the change of pace.
You slash the wight! You block the wight's attack.
Your life force feels restored.
Your Axes skill increases to level 9!
You barely miss the wight.
The wight is heavily damaged.
The wight hits you with a +0 hand axe.
* * * LOW HITPOINT WARNING * * *
You block the wight's attack.
You feel much better.
A centaur comes into view.
The wight barely misses you. The wight closely misses you.
You closely miss the wight.
The centaur shouts!
You headbutt the wight.
The wight is moderately damaged.
You closely miss the wight.
You hear a shout!
The centaur wields a +0 shortbow.
The centaur shoots an arrow.
The arrow hits you. The wight hits you but does no damage.
You block the wight's attack.
You hit the wight but do no damage.
The wight is moderately damaged.
You closely miss the wight.
The centaur shoots an arrow.
The arrow hits you.
* * * LOW HITPOINT WARNING * * *
The wight barely misses you. You furiously retaliate!
You headbutt the wight! The wight completely misses you.
You hit the wight but do no damage.
You headbutt the wight, but do no damage.
The wight is moderately damaged.
You slash the wight!
You destroy the wight!
Cheibriados appreciates the change of pace.
The centaur shoots an arrow.
The arrow misses you.
The wight hits you with a +3 battleaxe of freezing!
* * * LOW HITPOINT WARNING * * *
The wight freezes you.
* * * LOW HITPOINT WARNING * * *
The centaur shoots an arrow.
The arrow barely misses you.
You hear a shout!
You barely miss the wight. Your headbutt misses the wight.
The wight is moderately damaged.
The centaur shoots an arrow.
You block the arrow.
The wight hits you with a +3 battleaxe of freezing.
* * * LOW HITPOINT WARNING * * *
You feel drained.
* * * LOW HITPOINT WARNING * * *
The wight freezes you.
* * * LOW HITPOINT WARNING * * *
Unknown command.
You feel better.
The centaur shoots an arrow.
The arrow barely misses you.
The wight hits you with a +3 battleaxe of freezing!
You die...

####### ....
#.....# ....#
#<....##....#
#............
#............
#............
#.....#######
#.....###..
#..@z...'..
#.)))...#..
#.......# .
#.......# ..
#.......# ...
###c##+##....
#...#........
#...#....."..
#...#........


You could see a centaur and a wight.

Vanquished Creatures
  Sigmund (D:2)
  A steam dragon (D:6)
  Pargi (Sewer)
  An ogre (D:5)
  A centaur (D:3)
  2 necrophages
  2 scorpions (D:5)
  2 wights (D:6)
  2 hounds
  4 jellies
  An orc priest (D:4)
  5 iguanas
  An orc wizard (D:3)
  Natasha (twice) (D:3)
  Robin (D:2)
  11 adders
  A shadow imp (D:6)
  A white imp (D:4)
  3 worms
  6 dart slugs
  7 orcs
  6 ball pythons
  11 bats
  14 endoplasms
  4 giant cockroaches
  16 goblins
  12 hobgoblins
  3 jackals (D:1)
  21 kobolds
  7 quokkas
  4 frilled lizards
  3 rats
157 creatures vanquished.

Vanquished Creatures (others)
  7 fungi (D:4)
  7 toadstools (D:4)
14 creatures vanquished.

Grand Total: 171 creatures vanquished

Notes
Turn   | Place    | Note
-------+----------+-------------------------------------------
     0 | D:1      | Flugkiller the Minotaur Fighter began the quest for the
                  | Orb.
     0 | D:1      | Reached XP level 1. HP: 19/19 MP: 0/0
    35 | D:1      | Found Ogolo's Armour Emporium.
   270 | D:1      | Reached skill level 3 in Axes
   270 | D:1      | Reached XP level 2. HP: 24/27 MP: 1/1
   716 | D:1      | Reached XP level 3. HP: 33/33 MP: 2/2
  1014 | D:2      | Noticed Robin
  1045 | D:2      | Killed Robin
  1046 | D:2      | Reached skill level 4 in Axes
  1046 | D:2      | Reached XP level 4. HP: 23/41 MP: 3/3
  1055 | D:2      | Noticed Sigmund
  1071 | D:2      | Killed Sigmund
  1072 | D:2      | Reached skill level 5 in Fighting
  1072 | D:2      | Reached skill level 5 in Axes
  1072 | D:2      | Reached XP level 5. HP: 22/48 MP: 4/4
  1319 | D:2      | Reached skill level 5 in Armour
  1718 | D:3      | Found a burning altar of Makhleb.
  1746 | D:3      | Found a glowing drain.
  1752 | D:3      | Reached XP level 6. HP: 56/56 MP: 5/5
  1771 | Sewer    | Entered a sewer
  1903 | Sewer    | Noticed Pargi
  1913 | Sewer    | Killed Pargi
  1914 | Sewer    | Reached skill level 6 in Axes
  2353 | D:3      | Reached XP level 7. HP: 62/62 MP: 6/6
  2432 | D:3      | Found a snail-covered altar of Cheibriados.
  2438 | D:3      | Noticed Natasha
  2449 | D:3      | Killed Natasha
  2453 | D:3      | Noticed Natasha
  2454 | D:3      | Became a worshipper of Cheibriados the Contemplative
  2457 | D:3      | Found a shadowy altar of Dithmenos.
  2460 | D:3      | Killed Natasha
  2461 | D:3      | Reached skill level 7 in Axes
  3002 | D:4      | Reached skill level 1 in Invocations
  3130 | D:4      | Reached * piety under Cheibriados
  3261 | D:4      | Found a shimmering blue altar of Sif Muna.
  3633 | D:4      | Found a staircase to the Ecumenical Temple.
  4045 | D:5      | Entered Level 5 of the Dungeon
  4414 | D:5      | Reached ** piety under Cheibriados
  4534 | D:5      | Reached skill level 8 in Axes
  4534 | D:5      | Reached XP level 8. HP: 71/71 MP: 8/8
  5463 | D:6      | Reached skill level 9 in Axes
  5463 | D:6      | HP: 3/73 [wight/+0 hand axe (4)]
  5468 | D:6      | HP: 3/73 [wight/+3 battleaxe of freezing (2)]
  5468 | D:6      | HP: 1/71 [wight/+3 battleaxe of freezing (1)]
  5469 | D:6      | Slain by a wight

Illustrated notes

Levels and vault maps discovered:
D:1:      dpeg_arrival_court, layout_loops_cross, serial_shops,
          nicolae_square_shop
D:2:      layout_basic, minmay_tetromino_t4, uniq_sigmund, uniq_robin
D:3:      layout_basic, bloody_makhleb, mainiacjoe_overflow_large_starburst,
          portal_sewer_entry_f, minmay_cupped, uniq_natasha
D:4:      cheibrodos_fertilizer, layout_loops_ring,
          mainiacjoe_overflow_alcove_1, lemuel_temple_firewalk_b
D:5:      layout_loops_ring, nicolae_ossuary_entry_ruins
D:6:      layout_gridville

Skill      XL: |  1  2  3  4  5  6  7  8 |
---------------+-------------------------+-----
Axes           | 3 4 5 6 8 9 |  9.1
Armour         | 4 5 6 7 |  7.2
Fighting       | 4 5 6 7 |  7.1
Invocations    | 2 3 |  3.2
Shields        | |  3.6

Action                   |  1- 3 |  4- 6 |  7- 9 || total
-------------------------+-------+-------+-------++-------
Melee: War axe           |    76 |    97 |   154 ||   327
       Headbutt          |     8 |    12 |    30 ||    50
  Use: Potion            |       |     1 |     5 ||     6
       Scroll            |       |       |    11 ||    11
Armor: Scale mail        |    54 |    65 |    56 ||   175
Dodge: Dodged            |    38 |    51 |    52 ||   141
Block: Buckler           |    26 |    27 |    46 ||    99
